 Dungeon Crawl Stone Soup version 0.23-a0-644-gb60d84b (webtiles) character file.

4423 MisterFreud the Grappler (level 10, -1/88 HPs)
             Began as a Troll Monk on Dec 31, 2018.
             Slain by a seven-headed hydra (10 damage)
             ... on level 9 of the Dungeon on Jan 1, 2019.
             The game lasted 00:12:32 (5531 turns).

MisterFreud the Grappler (Troll Monk)               Turns: 5531, Time: 00:12:33

Health: -1/88      AC: 13    Str: 24    XL:     10   Next: 14%
Magic:  13/13      EV: 14    Int:  6    God:
Gold:   398        SH:  0    Dex: 12    Spells: 9/9 levels left

rFire    . . .     SeeInvis .     - Unarmed
rCold    . . .     Gourm    +   (no shield)
rNeg     . . .     Faith    .   y - +1 robe {MR+}
rPois    .         Spirit   .   (helmet restricted)
rElec    .         Reflect  .   n - +2 cloak {+Inv}
rCorr    .         Harm     .   (gloves unavailable)
MR       +....                  (boots unavailable)
Stlth    ++........             (no amulet)
HPRegen  0.64/turn              h - +1 ring of slaying
MPRegen  0.13/turn              s - +4 ring of protection

@: no status effects
A: large, unfitting armour, claws 3, fast metabolism 3, gourmand, regeneration
1, shaggy fur 1, tough skin 2
a: Evoke Invisibility


You were on level 9 of the Dungeon.
You were very full.

You visited 2 branches of the dungeon, and saw 10 of its levels.

You collected 513 gold pieces.
You spent 115 gold pieces at shops.

Inventory:

Missiles
 d - 299 stones (quivered)
 o - 4 exploding tomahawks
Armour
 a - a +0 robe
 j - a scarf of repulsion
 n - a +2 cloak of invisibility (worn)
 y - a +1 robe of magic resistance (worn)
Jewellery
 h - a +1 ring of slaying (left claw)
 q - the ring "Miekk" {AC+1 Int+3 Dex+3}
   (You found it on level 5 of the Dungeon)

   [ring of protection]

   It affects your AC (+1).
   It affects your intelligence (+3).
   It affects your dexterity (+3).
 s - a +4 ring of protection (right claw)
 z - an uncursed ring of positive energy
Wands
 u - a wand of flame (19)
Scrolls
 c - 3 scrolls of remove curse
 f - 2 scrolls of magic mapping {unknown}
 g - 8 scrolls of teleportation
 k - 5 scrolls of fog
 m - 2 scrolls of fear
 v - a scroll of summoning {unknown}
Potions
 e - 2 potions of brilliance
 i - 4 potions of curing
 l - 2 potions of haste
 p - 2 potions of heal wounds
 r - a potion of magic {unknown}
 t - 2 potions of lignification
 w - a potion of flight
 x - a potion of ambrosia
Comestibles
 b - 14 rations


   Skills:
 - Level 2.4 Fighting
 - Level 8.0 Dodging
 - Level 1.0 Stealth
 + Level 9.2 Unarmed Combat
 - Level 6.0 Evocations


You had 9 spell levels left.
You didn't know any spells.
Your spell library contained the following spells:

 Spells                   Type           Power        Failure   Level  Hunger
 Magic Dart               Conj           #...         45%         1    ##.....
 Shock                    Conj/Air       #...         45%         1    ##.....
 Blink                    Tloc           N/A          58%         2    ###....
 Call Imp                 Summ           #.......     58%         2    ###....
 Slow                     Hex            #.......     58%         2    ###....
 Swiftness                Chrm/Air       #.......     58%         2    ###....
 Throw Frost              Conj/Ice       #.....       58%         2    ###....
 Conjure Flame            Conj/Fire      #.......     83%         3    ####...
 Mephitic Cloud           Conj/Pois/Air  #.......     83%         3    ####...
 Static Discharge         Conj/Air       #.......     83%         3    ####...
 Airstrike                Air            #.........   99%         4    #####..
 Olgreb's Toxic Radiance  Pois           #.......     99%         4    #####..
 Bolt of Magma            Conj/Fire/Erth #.........   100%        5    ######.
 Iskenderun's Battlesphe  Conj/Chrm      #.......     100%        5    ######.
 Lightning Bolt           Conj/Air       #.........   100%        5    ######.
 Metabolic Englaciation   Hex/Ice        #.........   100%        5    ######.
 Venom Bolt               Conj/Pois      #.........   100%        5    ######.
 Iron Shot                Conj/Erth      #.........   100%        6    #######
 Ozocubu's Refrigeration  Ice            #.........   100%        6    #######
 Orb of Destruction       Conj           #.........   100%        7    #######
 Spellforged Servitor     Conj/Summ      #.........   100%        7    #######


Dungeon Overview and Level Annotations

Branches:
Dungeon (9/15)             Temple (1/1) D:6
   Lair: D:8-11         Orc: D:9-12

Altars:
Ashenzari
Cheibriados
Dithmenos
Elyvilon
Fedhas
Gozag
Hepliaklqana
Kikubaaqudgha
Makhleb
Nemelex Xobeh
Okawaru
Qazlal
Ru
Sif Muna
Trog
Uskayaw
Vehumet
Wu Jian
Xom
Yredelemnul
Zin
The Shining One

Shops:
D:4 ?


Innate Abilities, Weirdness & Mutations

You are too large for most types of armour.
You have claws for hands.
Your metabolism is lightning-fast.
You like to eat raw meat.
Your natural rate of healing is unusually fast.
You are covered in fur. (AC +1)
You have very tough skin. (AC +2)


Message History

The four-headed hydra grows two more!
You claw the six-headed hydra!
The six-headed hydra is moderately wounded.
The six-headed hydra bites you!
The six-headed hydra closely misses you.
The six-headed hydra bites you.
The six-headed hydra closely misses you.
The six-headed hydra bites you.
The six-headed hydra bites you but does no damage.
You tear one of the six-headed hydra's heads off!
The five-headed hydra grows two more!
You claw the seven-headed hydra!
The seven-headed hydra is moderately wounded.
The seven-headed hydra bites you.
The seven-headed hydra bites you but does no damage.
The seven-headed hydra bites you.
* * * LOW HITPOINT WARNING * * *
The seven-headed hydra barely misses you.
The seven-headed hydra bites you!
* * * LOW HITPOINT WARNING * * *
The seven-headed hydra bites you!
You die...

##########
##########........#
#..#.....#........#
#..'....≈#........#
#..'.P...#........#
#..'....≈÷÷.......#
#.@#.....#).......#
#D##P≈P.≈#........#
#%.#≈≈≈≈P#........#
#.)+.P≈PP#........#
.##########........#
..........†........#
...................#
...................#
.......<...........#


You could see a seven-headed hydra.

Vanquished Creatures
  Pikel (D:4)
  2 dream sheep (D:9)
  A hippogriff (D:7)
  2 yaks (D:9)
  Menkaure (D:5)
  Duvessa (D:4)
  2 orc warriors
  2 slaves (D:4)
  An ice beast (D:6)
  3 phantoms
  A sky beast (D:5)
  A necrophage (D:8)
  2 centaurs
  3 ogres
  A crocodile (D:8)
  2 big kobolds (D:9)
  Blork the orc (D:5)
  2 bullfrogs (D:6)
  Dowan (D:4)
  A howler monkey (D:5)
  3 wights (D:6)
  3 crimson imps
  3 hounds
  2 bullfrog zombies
  A centaur skeleton (D:6)
  5 orc priests
  2 jellies
  4 orc wizards
  A bullfrog skeleton (D:5)
  4 iguanas
  Crazy Yiuf (D:4)
  6 worker ants
  Terence (D:3)
  A killer bee zombie (D:7)
  A mummy (D:6)
  5 adders
  3 shadow imps
  An ooze (D:3)
  An adder skeleton (D:8)
  3 worms
  6 dart slugs
  6 leopard geckos
  26 orcs
  6 giant cockroaches
  11 goblins
  7 hobgoblins
  5 jackals
  7 kobolds
  A quokka (D:2)
  A ball python (D:3)
  8 bats
  2 frilled lizards
  2 quokka skeletons
  12 rats
182 creatures vanquished.

Vanquished Creatures (others)
  A sky beast (D:5)
1 creature vanquished.

Grand Total: 183 creatures vanquished

Notes
Turn   | Place    | Note
-------+----------+-------------------------------------------
     0 | D:1      | MisterFreud the Troll Monk began the quest for the Orb.
     0 | D:1      | Reached XP level 1. HP: 22/22 MP: 0/0
   144 | D:1      | Reached XP level 2. HP: 25/29 MP: 1/1
   553 | D:1      | Reached skill level 4 in Unarmed Combat
   841 | D:2      | Found an ornate altar of the Wu Jian Council.
   846 | D:2      | Reached XP level 3. HP: 34/36 MP: 2/2
   855 | D:2      | Found a bloodstained altar of Trog.
   857 | D:2      | Found a hide-covered altar of Uskayaw.
   861 | D:2      | Found a glowing silver altar of Zin.
   863 | D:2      | Found a white marble altar of Elyvilon.
  1283 | D:3      | Reached XP level 4. HP: 31/44 MP: 3/3
  1288 | D:3      | Reached skill level 5 in Unarmed Combat
  1298 | D:3      | Upgraded the game from 0.23-a0-643-g9ccc95a to
                  | 0.23-a0-644-gb60d84b
  1328 | D:3      | Noticed an ogre
  1413 | D:3      | Noticed Terence
  1425 | D:3      | Killed Terence
  1487 | D:3      | HP: 2/44 [something (5)]
  1495 | D:3      | Reached skill level 6 in Unarmed Combat
  1495 | D:3      | Reached XP level 5. HP: 10/50 MP: 4/4
  1585 | D:3      | Found a snail-covered altar of Cheibriados.
  1592 | D:3      | Killed an ogre
  1696 | D:3      | Found a hazy altar of Hepliaklqana.
  1697 | D:3      | Found a shimmering altar of Xom.
  1697 | D:3      | Noticed a hungry ghost
  1698 | D:3      | Noticed a spectral ugly thing
  1698 | D:3      | Noticed a hungry ghost
  1708 | D:3      | Found a radiant altar of Vehumet.
  1776 | D:3      | Found a shadowy altar of Dithmenos.
  1776 | D:3      | Found a snail-covered altar of Cheibriados.
  1825 | D:3      | Reached XP level 6. HP: 59/59 MP: 5/5
  1963 | D:3      | Reached skill level 7 in Unarmed Combat
  2246 | D:4      | Noticed Duvessa
  2249 | D:4      | Noticed Dowan
  2251 | D:4      | Killed Duvessa
  2251 | D:4      | Reached skill level 8 in Unarmed Combat
  2256 | D:4      | Killed Dowan
  2256 | D:4      | Reached XP level 7. HP: 60/66 MP: 6/6
  2293 | D:4      | Noticed Pikel
  2328 | D:4      | Killed Pikel
  2328 | D:4      | Reached skill level 5 in Dodging
  2328 | D:4      | Reached XP level 8. HP: 32/74 MP: 7/7
  2444 | D:4      | Identified the Incunabulum of the Forgotten Ghosts
  2464 | D:4      | Found Poryireb's Magic Scroll Shop.
  2467 | D:4      | Bought 2 scrolls of fog for 40 gold pieces
  2467 | D:4      | Bought a scroll of fear for 35 gold pieces
  2467 | D:4      | Bought a scroll of identify for 20 gold pieces
  2467 | D:4      | Bought a scroll of fog for 20 gold pieces
  2627 | D:4      | Found a runed door.
  2631 | D:4      | Noticed Crazy Yiuf
  2639 | D:4      | Killed Crazy Yiuf
  2728 | D:5      | Entered Level 5 of the Dungeon
  2791 | D:5      | Noticed Blork the orc
  2796 | D:5      | Killed Blork the orc
  2877 | D:5      | Noticed Menkaure
  2886 | D:5      | Killed Menkaure
  3160 | D:5      | Got a smoking iron ring
  3162 | D:5      | Identified the ring "Miekk" {AC+1 Int+3 Dex+3} (You found
                  | it on level 5 of the Dungeon)
  3365 | D:6      | Found a staircase to the Ecumenical Temple.
  3376 | Temple   | Entered the Ecumenical Temple
  3463 | D:6      | Reached XP level 9. HP: 76/80 MP: 8/8
  3500 | D:6      | Reached skill level 1 in Evocations
  4380 | D:7      | Found a bloodstained altar of Trog.
  4788 | D:8      | Reached skill level 5 in Evocations
  5026 | D:8      | Found an opulent altar of Gozag.
  5027 | D:8      | Found a sparkling altar of Nemelex Xobeh.
  5359 | D:9      | Reached XP level 10. HP: 62/88 MP: 13/13
  5377 | D:9      | Reached skill level 9 in Unarmed Combat
  5521 | D:9      | Noticed a three-headed hydra
  5531 | D:9      | Slain by a seven-headed hydra

Vault maps used:
D:1:      evilmike_arrival_hilbert_curve
D:2:      grunt_temple_overflow_open, chequers_serial_rivers_micro_a,
          minmay_split_cup_large
D:3:      minmay_diamond_boxcup, regret_index_temple_of_mockery,
          fiery_altar_vehumet, gammafunk_temple_overflow_elements,
          minmay_misc_feat_x, kennysheep_slug_shrine, uniq_terence
D:4:      serial_shops, kennysheep_mini_moat, uniq_crazy_yiuf_cottage,
          uniq_pikel, uniq_duvessa
D:5:      first_ration, uniq_blork_the_orc, uniq_menkaure
D:6:      minmay_temple_entry_wispy, gup_ossuary_entry_pyramid, minmay_pentangle
D:7:      basic_altar, bh_walls_and_bars
D:8:      grunt_temple_overflow_opulence
D:9:      minmay_lair_entry_grove, hangedman_ranch
Temple:   eino_wide_crystal_templ

Skill      XL: |  1  2  3  4  5  6  7  8  9 10 |
---------------+-------------------------------+-----
Unarmed Combat | 4 6 8 9 |  9.2
Dodging        | 5 8 |  8.0
Evocations     | 6 |  6.0
Fighting       | |  2.4
Stealth        | |  1.0

Action                   |  1- 3 |  4- 6 |  7- 9 | 10-12 || total
-------------------------+-------+-------+-------+-------++-------
Melee: Unarmed           |    96 |   148 |   338 |    31 ||   613
       Punch             |     2 |     2 |    17 |     1 ||    22
Evoke: Wand              |       |       |       |     1 ||     1
  Use: Potion            |       |     2 |       |       ||     2
       Scroll            |       |       |    10 |       ||    10
 Stab: Sleeping          |     1 |     2 |     1 |     1 ||     5
  Eat: Chunk             |    15 |    10 |    24 |     6 ||    55
Armor: Robe              |    43 |    63 |    95 |    13 ||   214
Dodge: Dodged            |    48 |    78 |   146 |    17 ||   289
       Deflected         |       |     5 |       |       ||     5

Table legend:
 A = Non-vault XP
 B = Vault XP
 C = Vault XP percentage of total XP
 D = Non-vault monster count
 E = Vault monster count
 F = Vault count percentage of total count
                 A         B        C        D         E       F
            +---------+---------+-------+---------+---------+-------
      Total |    3702 |    2617 |  41.4 |     151 |      30 |  16.6
            +---------+---------+-------+---------+---------+-------
        D:1 |      30 |       0 |   0.0 |      16 |       0 |   0.0
        D:2 |      44 |       8 |  15.4 |      19 |       4 |  17.4
        D:3 |     295 |      52 |  15.0 |      38 |      10 |  20.8
        D:4 |     338 |     849 |  71.5 |      18 |       4 |  18.2
        D:5 |     867 |     259 |  23.0 |      21 |       2 |   8.7
        D:6 |     464 |     327 |  41.3 |      11 |       4 |  26.7
        D:7 |     705 |       0 |   0.0 |       8 |       0 |   0.0
        D:8 |     862 |       0 |   0.0 |      18 |       0 |   0.0
        D:9 |      97 |    1122 |  92.0 |       2 |       6 |  75.0
            +---------+---------+-------+---------+---------+-------
